 Dungeon Crawl Stone Soup version 0.27-a0-836-gfc908b8576 (webtiles) character file.

Game seed: 1808846996548854488

31 n0claF the Skirmisher (level 3, -6/33 HPs)
             Began as a Ghoul Fighter on Apr 1, 2021.
             Mangled by Sigmund
             ... wielding a +0 scythe
              (10 damage)
             ... on level 2 of the Dungeon.
             The game lasted 00:02:01 (1063 turns).

n0claF the Skirmisher (Ghoul Fighter)               Turns: 1063, Time: 00:02:02

Health: -6/33      AC:  9    Str: 20    XL:     3   Next: 22%
Magic:  2/2        EV:  7    Int:  3    God:
Gold:   44         SH:  0    Dex:  8    Spells: 2/2 levels left

rFire    . . .     SeeInvis .   a - +0 war axe
rCold    + . .     Faith    .   c - +0 kite shield
rNeg     + + +     Spirit   .   b - +0 scale mail
rPois    ∞         Reflect  .   g - +0 helmet
rElec    .         Harm     .   (no cloak)
rCorr    .         Rampage  .   e - +0 pair of gloves
Will     .....                  (no boots)
Stlth    ..........             (no amulet)
HPRegen  0.00/turn              (no ring)
MPRegen  0.08/turn              (no ring)

@: confused, mighty
A: claws 1, cold resistance 1, negative energy resistance 3, inhibited
regeneration, torment resistance 2, unbreathing 1
a: no special abilities


You were on level 2 of the Dungeon.
You visited 1 branch of the dungeon, and saw 2 of its levels.

You collected 44 gold pieces.

Inventory:

Hand Weapons
 a - a +0 war axe (weapon)
Armour
 b - a +0 scale mail (worn)
 c - a +0 kite shield (worn)
 e - a +0 pair of gloves (worn)
   (You found it on level 1 of the Dungeon)
 g - a +0 helmet (worn)
   (You found it on level 1 of the Dungeon)
Scrolls
 f - a scroll of teleportation {unknown}
 h - 2 scrolls of magic mapping {unknown}
 i - a scroll of brand weapon {unknown}
 j - a scroll of acquirement {unknown}
 k - a scroll of identify {unknown}
 m - a scroll of enchant armour {unknown}
Potions
 l - a potion of curing {unknown}
 n - a potion of haste {unknown}


   Skills:
 + Level 3.6 Fighting
 + Level 2.2 Axes
 + Level 3.0 Armour
 + Level 3.0 Shields


You had 2 spell levels left.
You didn't know any spells.
Your spell library was empty.

Dungeon Overview and Level Annotations

Branches:
Dungeon (2/15)

Altars:

Annotations:
D:2 Sigmund


Innate Abilities, Weirdness & Mutations

You thrive by killing the living.
You are immune to poison.
You have sharp fingernails.
Your flesh is cold resistant. (rC+)
You are immune to negative energy. (rN+++)
You do not regenerate when monsters are visible.
You are immune to unholy pain and torment.
You can survive without breathing.


Message History

You kill the jackal!
The jackal bites you but does no damage.
You hit the jackal.
You kill the jackal!
You feel better. The bat hits you but does no damage.
The bat closely misses you. The bat hits you but does no damage.
You slash the bat!
You kill the bat!
You block something's attack. Something hits you. You block something's attack.
Things that are here:
a bat corpse; a jackal corpse; a jackal corpse You miss something.
You hear some strange, mumbled words.
A magic dart appears from out of thin air!
The magic dart hits you.
You miss something. Something hits you. Something hits you.
You closely miss something. Something hits you. Something hits you.
* * * LOW HITPOINT WARNING * * *
You closely miss something.
You hear some strange, mumbled words.
You are confused.
You bump into the rock wall.
Something hits you.
* * * LOW HITPOINT WARNING * * *
You miss something. Something hits you but does no damage.
You hear some strange, mumbled words.
You are more confused.
You bump into the rock wall.
Something hits you but does no damage.
You closely miss something. Something hits you.
* * * LOW HITPOINT WARNING * * *
You hear some strange, mumbled words.
You are more confused.
Unknown command.
You completely miss something. Something hits you.
* * * LOW HITPOINT WARNING * * *
You bump into the rock wall.
Something hits you but does no damage.
You bump into the rock wall.
Something hits you!
You die...

# . . ### # ##.##
##.#.##
##.###.########.#
#.## ##..@{.....#
##.###.####.......
##>#.## .######
##.## h# #.# h#
#.# .# #.# .. #.#
## .. #.########.#
#.


There were no monsters in sight!

Vanquished Creatures
  Robin (D:2)
  3 dart slugs
  3 goblins
  A hobgoblin (D:1)
  7 jackals
  A quokka (D:1)
  A ball python (D:2)
  4 bats
  A frilled lizard (D:1)
  A rat (D:2)
23 creatures vanquished.

Vanquished Creatures (others)
  An endoplasm (D:2)
  4 goblins (D:2)
  4 hobgoblins (D:2)
9 creatures vanquished.

Grand Total: 32 creatures vanquished

Notes
Turn   | Place    | Note
-------+----------+-------------------------------------------
     0 | D:1      | n0claF the Ghoul Fighter began the quest for the Orb.
     0 | D:1      | Reached XP level 1. HP: 19/19 MP: 0/0
   179 | D:1      | Reached XP level 2. HP: 26/26 MP: 1/1
   892 | D:2      | Noticed Robin
   897 | D:2      | Killed Robin
   976 | D:2      | Reached XP level 3. HP: 31/31 MP: 2/2
  1038 | D:2      | Noticed Sigmund
  1063 | D:2      | Mangled by Sigmund

Illustrated notes

Levels and vault maps discovered:
D:1:      kennysheep_arrival_seaside, layout_basic
D:2:      layout_loops_ring, fiery_altar_vehumet, uniq_robin, uniq_sigmund,
          uniq_terence

Skill      XL: |  1  2 |
---------------+-------+-----
Axes           | 2 |  2.2
Armour         | 3 |  3.0
Shields        | 3 |  3.0
Fighting       | |  3.6

Action                   || total
-------------------------++-------
Melee: War axe           ||    70
  Use: Potion            ||     1
Armor: Scale mail        ||    52
Dodge: Dodged            ||    24
Block: Kite shield       ||    40

Table legend: (Time is in decaauts)
 A = Elapsed time spent in this place.
 B = Non-inter-level travel time spent in this place.
 C = Inter-level travel time spent in this place.
 D = Time resting spent in this place.
 E = Time spent auto-exploring this place.
 F = Levels seen in this place.
 G = Mean time per level.
                   A        B        C        D        E       F      G
               +--------+--------+--------+--------+--------+-----+--------+
         Total |   1110 |   1074 |     36 |      0 |    882 |   2 |  555.0 |
       Dungeon |   1110 |   1074 |     36 |      0 |    882 |   2 |  555.0 |
               +--------+--------+--------+--------+--------+-----+--------+

Top non-repeatable levels by time:
     D:1: 850 daAuts
     D:2: 260 daAuts
